 Dungeon Crawl Stone Soup version 0.27.1-4-g1640c2035a (webtiles) character file.

Game seed: 13023990760143374028

74 Stomo444 the Gusty (level 4, -2/22 HPs)
             Began as a Vine Stalker Air Elementalist on Nov 12, 2021.
             Succumbed to Crazy Yiuf's poison
             ... on level 2 of the Dungeon.
             The game lasted 00:03:37 (1719 turns).

Stomo444 the Gusty (Vine Stalker Air Elementalist)  Turns: 1719, Time: 00:03:37

Health: -2/22      AC:  2    Str: 11    XL:     4   Next: 30%
Magic:  0/9        EV: 12    Int: 15    God:
Gold:   4          SH:  0    Dex: 15    Spells: 5/8 levels left

rFire    . . .     SeeInvis .   b - +0 dagger
rCold    . . .     Faith    .   (no shield)
rNeg     . . .     Spirit   +   a - +0 robe
rPois    .         Reflect  .   (no helmet)
rElec    .         Harm     .   (no cloak)
rCorr    .         Rampage  .   (no gloves)
Will     .....                  (no boots)
Stlth    ++........             (no amulet)
HPRegen  1.07/turn              (no ring)
MPRegen  0.11/turn              (no ring)

@: lethally poisoned (-2 -> -11)
A: fangs 2, regeneration 1, magic shield, antimagic bite, no potion heal 2
a: no special abilities


You were on level 2 of the Dungeon.
You visited 1 branch of the dungeon, and saw 2 of its levels.

You collected 4 gold pieces.

Inventory:

Hand Weapons
 b - a +0 dagger (weapon)
 c - a +0 great sword
 f - a +0 short sword
Armour
 a - a +0 robe (worn)
Scrolls
 d - a scroll of fog {unknown}
 e - a scroll of enchant armour {unknown}


   Skills:
 + Level 1.4 Fighting
 + Level 2.2 Dodging
 - Level 2.4 Stealth
 + Level 2.9 Spellcasting
 - Level 1.0 Conjurations
 + Level 3.6 Air Magic


You had 5 spell levels left.
You knew the following spells:

 Your Spells              Type           Power      Damage    Failure   Level
a - Shock                 Conj/Air       36%        1d5       8%          1
b - Static Discharge      Conj/Air       9%         N/A       12%         2

Your spell library contained the following spells:

 Spells                   Type           Power      Damage    Failure   Level
 Swiftness                Air            13%        N/A       14%         3
 Airstrike                Air            6%         N/A       41%         4


Dungeon Overview and Level Annotations

Branches:
Dungeon (2/15)

Altars:

Annotations:
D:2 Crazy Yiuf


Innate Abilities, Weirdness & Mutations

You have extremely sharp teeth.
Your natural rate of healing is unusually fast.
When hurt, damage is shared between your health and your magic reserves.
Your bite disrupts and absorbs the magic of your enemies.
Potions cannot restore your health.


Message History

You see here a +0 robe.
There is a stone staircase leading down here.
Things that are here:
a +0 short sword; a +0 chain mail; the human skeleton of Terence
f - a +0 short sword Search for what [Enter for "sword", or ? for help]? mace You see here 27 stones.
You open the door.
Casting: Static Discharge (safe; 12% risk of failure)
Confirm with . or Enter, or press ? or * to list all spells.
Aiming: Shock (safe; 8% risk of failure)
Press: ? - help, Shift-Dir - straight line The zap misses Crazy Yiuf.
The zap hits Crazy Yiuf.
Crazy Yiuf is lightly wounded.
Crazy Yiuf shouts!
Unknown command.
Casting: Shock (safe; 8% risk of failure)
Confirm with . or Enter, or press ? or * to list all spells.
Aiming: Shock (safe; 8% risk of failure)
Press: ? - help, Shift-Dir - straight line The zap hits Crazy Yiuf.
Crazy Yiuf is lightly wounded.
Unknown command.
Casting: Shock (safe; 8% risk of failure)
Confirm with . or Enter, or press ? or * to list all spells.
Crazy Yiuf is struck by an arc of lightning.
Crazy Yiuf is moderately wounded.
The lightning grounds out.
Crazy Yiuf hits you with a +4 quarterstaff of chaos.
Unknown command.
Casting: Static Discharge (safe; 12% risk of failure)
Confirm with . or Enter, or press ? or * to list all spells.
Crazy Yiuf is struck by an arc of lightning.
Crazy Yiuf is heavily wounded.
The lightning grounds out.
Crazy Yiuf hits you with a +4 quarterstaff of chaos!!
Ouch! That really hurt!
* * * LOW HITPOINT WARNING * * *
You are lethally poisoned!
You die...

###### ##### #..)# #...#
... #g# ##.# #@## #######
##.# #####<..... ### #.##
#....)##### ..# ##.##
########### #.# #...##
#...... #.# #.#..# #.#####
#.# #....# #.#
#.######....########.#
#.####....................#


You could see Crazy Yiuf.

Vanquished Creatures
  Terence (D:2)
  An adder (D:2)
  2 worms (D:2)
  A bat (D:1)
  2 endoplasms (D:1)
  2 giant cockroaches (D:1)
  5 goblins (D:1)
  3 hobgoblins
  2 quokkas (D:1)
  6 ball pythons
  A frilled lizard (D:1)
  3 kobolds (D:1)
  2 rats (D:1)
31 creatures vanquished.

Notes
Turn   | Place    | Note
-------+----------+-------------------------------------------
     0 | D:1      | Stomo444 the Vine Stalker Air Elementalist began the quest
                  | for the Orb.
     0 | D:1      | Reached XP level 1. HP: 9/9 MP: 4/4
   218 | D:1      | Reached XP level 2. HP: 14/14 MP: 3/6
   478 | D:1      | Found a faded altar of an unknown god.
   795 | D:1      | Reached XP level 3. HP: 17/17 MP: 0/7
   803 | D:1      | Reached skill level 1 in Fighting
  1102 | D:2      | Learned a level 2 spell: Static Discharge
  1289 | D:2      | Found a runed translucent door.
  1290 | D:2      | Noticed Crazy Yiuf
  1309 | D:2      | Noticed Terence
  1395 | D:2      | Killed Terence
  1396 | D:2      | Gained mutation: Your natural rate of healing is unusually
                  | fast. [Vine Stalker growth]
  1396 | D:2      | Reached XP level 4. HP: 11/22 MP: 0/9
  1718 | D:2      | HP: 1/22 [Crazy Yiuf (17)]
  1719 | D:2      | Succumbed to Crazy Yiuf's poison

Illustrated notes

Levels and vault maps discovered:
D:1:      ncdulo_wetmaze, layout_basic, shapermc_ecumenical_altar_starsandcircs,
          amethyst_killhole
D:2:      layout_loops_ring, minmay_quadrilaterals, uniq_crazy_yiuf_cottage,
          uniq_terence, uniq_natasha

Skill      XL: |  1  2  3 |
---------------+----------+-----
Fighting       | 1 |  1.4
Dodging        | 2 |  2.2
Stealth        | |  2.4
Spellcasting   | |  2.9
Conjurations   | |  1.0
Air Magic      | |  3.6

Action                   |  1- 3 |  4- 6 || total
-------------------------+-------+-------++-------
Melee: Unarmed           |     3 |       ||     3
       Bite              |    10 |     3 ||    13
       Dagger            |    32 |     4 ||    36
 Cast: Shock             |    50 |     2 ||    52
       Static Discharge  |     5 |     6 ||    11
  Use: Scroll            |     1 |       ||     1
Armor: Robe              |    13 |       ||    13
Dodge: Dodged            |    33 |     1 ||    34
